Map: Pilares de oro EE

Players

MrFercho - Winner!

  • Race: Zerg Zerg
  • League: Silver
  • Spawn Location: 1:00

FireFistAce

  • Race: Terran Terran
  • League: Platinum
  • Spawn Location: 7:00

VOD

Have the link to the VOD?

Description

Time

  • Played on: July 3, 2020, 12:14 a.m.
  • Length: 16:51
Show
View Real Time Build Order
Export as new Build Order

MrFercho Zerg - Winner!

Build Orders: Pool First, Lurkers 

Get SALT Encoding   

  12  0:01  Drone  
  13  0:12  Overlord  
  13  0:17  Drone  
  14  0:30  Drone x2  
  14  0:34  Drone  
  17  0:45  Drone  
  18  1:13  Spawning Pool, Drone  
  18  1:14  Hatchery  
  18  1:17  Drone  
  18  1:20  Drone  
  19  1:32  Drone  
  20  1:33  Extractor  
  20  1:39  Drone  
  20  1:55  Drone  
  21  2:01  Overlord  
  21  2:09  Queen, Extractor  
  22  2:20  Drone  
  22  2:21  Drone  
  24  2:29  Drone  
  25  2:33  Zergling x2  
  25  2:36  Queen  
  28  2:38  Drone  
  29  2:45  Spine Crawler  
  29  2:50  Drone x2  
  30  2:53  Drone  
  30  3:00  Drone  
  29  3:07  Lair  
  28  3:14  Drone x2  
  28  3:15  Roach Warren  
  29  3:28  Drone x3  
  32  3:34  Drone  
  32  3:38  Drone x3  
  36  3:45  Overlord  
  36  4:03  Queen  
  36  4:08  Roach x3  
  36  4:09  Overlord x2  
  44  4:29  Hydralisk Den  
  43  4:35  Roach, Evolution Chamber  
  43  4:36  Roach x4  
  52  4:39  Glial Reconstitution  
  52  4:53  Drone x6  
  52  4:59  Extractor  
  57  5:00  Extractor  
  56  5:19  Drone x4  
  56  5:21  Overlord x4  
  60  5:31  Overseer  
  60  5:36  Hatchery  
  60  5:39  Zerg Missile Weapons Level 1  
  59  5:46  Drone x2  
  59  5:47  Drone x4  
  65  5:58  Overlord  
  65  5:59  Overlord x2  
  65  6:19  Drone x3  
  68  6:29  Infestation Pit, Grooved Spines  
  67  6:35  Drone  
  67  6:36  Drone x4  
  67  6:37  Lurker Den  
  71  7:23  Drone x7  
  71  7:24  Drone x5  
  71  7:29  Extractor  
  82  7:30  Extractor  
  82  7:31  Overlord  
  82  7:34  Queen  
  83  7:40  Muscular Augments  
  83  7:41  Hive  
  83  7:47  Hatchery  
  82  7:54  Evolution Chamber  
  81  7:59  Drone x9  
  90  8:09  Drone x3  
  93  8:32  Overlord x7  
  93  8:49  Hatchery  
  93  8:52  Spine Crawler, Extractor  
  93  8:54  Spine Crawler, Overseer  
  89  8:57  Extractor  
  88  9:03  Spine Crawler, Spore Crawler  
  88  9:04  Spine Crawler  
  88  9:07  Spore Crawler  
  84  9:21  Hydralisk  
  84  9:22  Hydralisk x16  
  118  9:41  Zerg Missile Weapons Level 2, Zerg Ground Armor Level 1  
  116  9:49  Drone  
  116  9:50  Drone x2  
  118  9:53  Drone x8  
  126  10:03  Lurker  
  126  10:04  Lurker x5  
  132  10:30  Hydralisk x16  
  132  10:31  Hydralisk  
  166  10:41  Overlord  
  166  10:42  Hatchery, Overlord x6  
  166  10:43  Overlord  
  166  10:49  Seismic Spines  
  165  11:04  Drone x7  
  165  11:05  Drone x3  
  136  11:27  Hydralisk x2  
  136  11:28  Hydralisk x10  
  123  11:44  Hydralisk x5  
  123  11:46  Adaptive Talons  
  124  11:59  Hydralisk x7  
  124  12:00  Hydralisk  
  125  12:32  Hydralisk x4  
  125  12:33  Hydralisk x9  
  137  12:49  Drone x5  
  137  12:50  Drone  
  143  12:52  Hatchery  
  143  12:55  Extractor x2  
  140  13:09  Hatchery  
  139  13:14  Hydralisk x9  
  157  13:26  Zerg Missile Weapons Level 3  
  157  13:29  Zerg Ground Armor Level 2  
  157  13:38  Spire  
  157  13:40  Hydralisk x8  
  172  13:47  Metabolic Boost  
  172  14:02  Hydralisk x8  
  188  14:21  Pneumatized Carapace  
  188  14:41  Hydralisk  
  188  14:42  Hydralisk x6  
  166  15:04  Drone x2  
  166  15:05  Drone x3  
  166  15:06  Drone x2  
  165  15:30  Mutalisk x14  
  193  15:41  Extractor  
  192  15:43  Extractor  
  192  15:45  Corruptor x3  
  192  15:46  Corruptor  
  180  16:40  Hatchery  
  180  16:44  Extractor x2  
Show
View Real Time Build Order
Export as new Build Order

FireFistAce Terran 

Build Orders:  

Get SALT Encoding   

  12  0:01  SCV  
  13  0:14  SCV  
  14  0:26  SCV  
  14  0:27  Supply Depot  
  15  0:34  Refinery  
  15  0:49  SCV  
  16  0:51  Barracks  
  16  1:12  SCV  
  17  1:25  SCV  
  18  1:32  Refinery  
  18  1:37  SCV  
  18  1:38  Reaper  
  20  1:42  Supply Depot  
  20  1:49  SCV  
  21  2:03  Orbital Command  
  21  2:19  Barracks Tech Lab  
  21  2:22  Supply Depot  
  21  2:30  Command Center  
  21  2:40  Marauder  
  23  3:01  SCV, Marine  
  25  3:13  SCV  
  25  3:19  Marine  
  27  3:27  SCV  
  27  3:37  Marine  
  27  3:38  Factory  
  27  3:39  SCV, Stimpack  
  29  3:50  Engineering Bay  
  29  3:52  SCV x2, Engineering Bay  
  29  3:55  Marine  
  32  4:04  SCV x2  
  34  4:13  Marine  
  34  4:16  SCV  
  36  4:21  Missile Turret  
  36  4:26  Orbital Command  
  36  4:28  SCV  
  36  4:29  Refinery  
  37  4:41  Factory Tech Lab  
  37  4:42  Missile Turret  
  37  4:46  Terran Infantry Weapons Level 1, Terran Infantry Armor Level 1  
  37  4:51  Supply Depot  
  37  5:00  SCV  
  37  5:01  SCV  
  37  5:03  Marine  
  40  5:12  Missile Turret  
  40  5:13  Siege Tank  
  43  5:16  SCV  
  43  5:17  SCV  
  45  5:21  Marine  
  46  5:29  SCV  
  46  5:30  Starport  
  46  5:32  Missile Turret  
  47  5:45  Siege Tank  
  47  5:48  SCV  
  47  5:49  SCV  
  52  5:54  Reaper  
  53  6:01  SCV x2  
  55  6:04  Armory  
  55  6:08  Armory  
  55  6:12  Barracks  
  55  6:17  Siege Tank  
  58  6:26  Marine  
  59  6:34  SCV x2  
  61  6:40  Refinery  
  61  6:44  Starport Reactor, Marine  
  62  6:53  SCV x2  
  64  6:55  Supply Depot  
  64  6:57  Terran Infantry Armor Level 2, Terran Infantry Weapons Level 2  
  64  7:02  Marauder  
  64  7:03  Barracks Reactor  
  64  7:05  SCV  
  67  7:18  Supply Depot  
  67  7:33  Siege Tank  
  67  7:35  Marauder  
  72  7:41  Supply Depot  
  72  7:50  Liberator  
  72  7:51  Liberator  
  78  7:57  Marauder  
  80  8:08  Command Center  
  80  8:13  Marine x2  
  80  8:14  Combat Shield  
  80  8:18  Marauder  
  84  8:20  Supply Depot  
  84  8:25  Terran Vehicle Weapons Level 1  
  84  8:26  Terran Vehicle And Ship Armor Level 1  
  84  8:31  Marine x2  
  85  8:54  Siege Tank  
  88  8:56  Marauder, Marine x2  
  92  9:04  Supply Depot  
  92  9:14  Marine x2  
  94  9:18  Marauder  
  96  9:26  Siege Tank  
  96  9:28  Supply Depot  
  99  9:33  Concussive Shells  
  99  9:36  Marine x2  
  101  9:39  Terran Infantry Weapons Level 3, Marauder  
  100  9:54  Marine x2  
  100  9:59  Siege Tank  
  105  10:23  Terran Infantry Armor Level 3  
  105  10:25  Terran Vehicle Weapons Level 2  
  105  10:29  Marine  
  105  10:30  Marine x2  
  105  10:34  Supply Depot  
  105  10:35  Planetary Fortress  
  108  10:47  Marine x2  
  108  10:48  Marine  
  111  10:50  SCV x2  
  111  10:56  Supply Depot  
  113  11:02  SCV x2  
  115  11:05  Marine x2  
  117  11:14  SCV  
  86  11:33  Marine  
  86  11:34  Marine x2  
  77  11:51  Marine  
  77  11:52  Marine x2  
  77  11:53  Siege Tank  
  83  12:09  Marine  
  83  12:10  Marine x2  
  83  12:25  Siege Tank  
  83  12:27  Marine x3  
  66  12:45  Terran Vehicle Weapons Level 3, Terran Vehicle And Ship Armor Level 2, Marine  
  67  12:52  Supply Depot  
  67  12:54  Medivac x2  
  67  12:57  Marine x2, Siege Tank  
  76  13:04  Marauder  
  78  13:09  SCV  
  79  13:14  Supply Depot, Marine  
  79  13:15  Marine  
  81  13:21  SCV  
  81  13:24  Medivac  
  81  13:25  Marauder  
  86  13:29  Siege Tank  
  86  13:31  Command Center  
  86  13:32  Marine x2  
  86  13:33  SCV  
  92  13:45  SCV  
  92  13:46  Marine  
  94  13:50  Marine x2  
  96  13:57  SCV  
  96  14:02  Siege Tank  
  100  14:04  Marauder  
  100  14:08  Marine  
  100  14:09  Marine  
  104  14:20  Fusion Core  
  104  14:25  Starport  
  104  14:26  Marauder, Marine  
  104  14:27  Marine, Starport x2  
  108  14:43  Marine  
  108  14:45  Marine  
  108  14:47  Marauder  
  87  15:01  Marine  
  87  15:03  Marine  
  81  15:08  Marauder  
  82  15:15  SCV  
  82  15:19  Refinery  
  83  15:25  Starport Tech Lab x2  
  83  15:26  Starport Tech Lab  
  83  15:27  SCV  
  84  15:29  Marine  
  85  15:39  Siege Tank  
  85  15:40  SCV  
  89  15:45  Refinery  
  89  15:52  SCV  
  90  15:59  Command Center  
  90  16:04  SCV  
Tags
 
Composition
Lurkers
Matchup
TvZ
Opening
Pool First
Replay Pack
MrFercho
Spawn Locations
Cross Positions
Add a new tag
Caveats
  • Supply blocks, unpowered buildings, or Contaminate may cause inaccurate times.
  • Supply counts are checked every 10 seconds.